[Event "*** SCC Grand Prix: Titled Tuesday Blitz"]
[Site "Chess.com"]
[Date "2020.08.25"]
[Round "3"]
[White "AlexeiShirov"]
[Black "Kotofeyca"]
[Result "1-0"]
[WhiteElo "2710"]
[BlackElo "2331"]
[TimeControl "180+1"]
[EndTime "10:29:23 PDT"]
[Termination "AlexeiShirov won by resignation"]

1. e4 c5 2. Nf3 d6 3. d4 cxd4 4. Nxd4 Nf6 5. Nc3 a6 6. h3 e6 7. g4 b5 8. Bg2 Bb7 9. O-O Qc7 10. g5 Nfd7 11. f4 b4 12. Nce2 Nc5 13. Ng3 Nc6 14.
Be3 Be7 15. f5 Nxd4 16. Qxd4 e5 17. Qd2 g6 18. f6 Bf8 19. h4 h6 20. gxh6 Ne6 21.
Ne2 a5 22. Rad1 Rc8 23. c3 Ba6 24. Rf2 Bxe2 25. Rxe2 bxc3 26. bxc3 Qxc3 27. Qd5 Qc6 28. Rc1 Qxc1+ 29. Bxc1 Rxc1+ 30. Kf2 Rxh6 31. Qb5+ Kd8 32. Bh3 Rxh4 33. Bxe6 Rh2+ 34. Kg3 fxe6 35. Rxh2 Rc3+ 36. Kg4 d5 37. Rh8 1-0

[Event "*** SCC Grand Prix: Titled Tuesday Blitz"]
[Site "Chess.com"]
[Date "2020.08.25"]
[Round "3"]
[White "BikingBrian"]
[Black "stolencandy13"]
[Result "0-1"]
[WhiteElo "2278"]
[BlackElo "2506"]
[TimeControl "180+1"]
[EndTime "10:29:23 PDT"]
[Termination "stolencandy13 won by resignation"]

1. d4 Nf6 2. Bg5 d5 3. Nd2 Bf5 4. e3 Nbd7 5. c4 c6 6. Ngf3 e6 7. Qb3 Qb6 8. c5 Qxb3 9. axb3 a6 10. b4 Rd8 11. Nb3 h6 12. Bf4 g5 13. Bg3 Ne4 14.
Na5 Nxg3 15. hxg3 Rb8 16. Nxg5 Bg7 17. Nf3 e5 18. Kd2 Kd8 19. Bd3 Bxd3 20. Kxd3 e4+ 21. Kd2 exf3 22. gxf3 Kc7 23. Nb3 h5 24. Rag1 f5 25.
Kd3 Bf6 26. g4 hxg4 27. fxg4 Rxh1 28. Rxh1 fxg4 29. Rg1 Rg8 30. f3 g3 31. Rg2 Bh4 32. Nd2 Nf6 33. Nf1 Nh5 34. Ke2 Re8 35. Kd3 Rf8 36. Ke2 Ra8 37. f4 Rg8 38. Kf3 Nf6 39.
Nxg3 Bxg3 40. Rxg3 Rxg3+ 41. Kxg3 Kd7 42. Kh4 Ne4 43. Kh5 Ke6 44. Kg6 Ng3 45. Kg5 Nf5 46. Kg6 Nxe3 0-1

[Event "*** SCC Grand Prix: Titled Tuesday Blitz"]
[Site "Chess.com"]
[Date "2020.08.25"]
[Round "3"]
[White "krasavetc"]
[Black "sergivila"]
[Result "0-1"]
[WhiteElo "2302"]
[BlackElo "2439"]
[TimeControl "180+1"]
[EndTime "10:29:23 PDT"]
[Termination "sergivila won on time"]

1. c4 e6 2. Nc3 d5 3. d4 Bb4 4. Bd2 Nf6 5. f3 O-O 6. a3 Bxc3 7.
Bxc3 b6 8. cxd5 exd5 9. Qc2 Re8 10. g4 Ba6 11. O-O-O Nbd7 12. g5 Nh5 13. h4 c5 14.
Qf5 cxd4 15. Bxd4 Ng3 16. Qf4 Nxh1 17. Bg2 Rc8+ 18. Kb1 Bxe2 19. Nxe2 Rxe2 20. Bxh1 Nc5 21. h5 Qe8 22. h6 Ne6 23. Qf5 Nxd4 24. Rxd4 Rcc2 25. Qxc2 Rxc2 26. Kxc2 Qe2+ 27. Rd2 Qc4+ 0-1

[Event "*** SCC Grand Prix: Titled Tuesday Blitz"]
[Site "Chess.com"]
[Date "2020.08.25"]
[Round "3"]
[White "Caterpiller35"]
[Black "lacafi"]
[Result "1-0"]
[WhiteElo "2343"]
[BlackElo "2136"]
[TimeControl "180+1"]
[EndTime "10:29:23 PDT"]
[Termination "Caterpiller35 won by resignation"]

1. e4 c6 2. Nc3 d5 3. Nf3 dxe4 4. Nxe4 Nf6 5. Qe2 e6 6. b3 Nxe4 7. Qxe4 Nd7 8. Bb2 Nf6 9. Qh4 Be7 10. Qg3 O-O 11. O-O-O Ne8 12. Ne5 Bf6 13. f4 g6 14.
h4 Ng7 15. h5 Nf5 16. Qg4 Qc7 17. Bd3 b5 18. hxg6 fxg6 19. Rh3 Qg7 20. Rdh1 h5 21. Qf3 Bb7 22. g4 c5 23. Be4 Bxe4 24. Qxe4 hxg4 25. Rh7 Qxh7 26. Rxh7 Kxh7 27. Qb7+ Kg8 28. Nxg6 Bxb2+ 29. Kxb2 Rfe8 30. Ne5 Rf8 31. Nxg4 Rab8 32. Qxa7 c4 33. Qd7 Rbe8 34. Nf6+ 1-0

[Event "*** SCC Grand Prix: Titled Tuesday Blitz"]
[Site "Chess.com"]
[Date "2020.08.25"]
[Round "3"]
[White "Balla_Tamas"]
[Black "smshk35"]
[Result "1-0"]
[WhiteElo "2459"]
[BlackElo "2464"]
[TimeControl "180+1"]
[EndTime "10:29:25 PDT"]
[Termination "Balla_Tamas won by resignation"]

1. e4 c5 2. d3 d5 3. Nd2 Nc6 4. f4 dxe4 5. dxe4 Qc7 6. g3 h5 7.
Ngf3 h4 8. Nxh4 Rxh4 9. gxh4 Qxf4 10. Qf3 Qxh4+ 11. Qg3 Qf6 12. c3 Ne5 13. Be2 Bd7 14.
Nf3 Nxf3+ 15. Bxf3 O-O-O 16. Bg5 Qb6 17. O-O-O f6 18.
Be3 e5 19. Bg4 Ne7 20. Bxd7+ Rxd7 21. Rxd7 Kxd7 22. Qg4+ Kc7 23. Rd1 Qc6 24. h4 Nc8 25. Rd5 b6 26. Qg6 Nd6 27. b3 a5 28. Kb2 c4 29. Qg4 cxb3 30. axb3 a4 31. Qe2 Nxe4 32.
Bxb6+ Qxb6 33. Qxe4 Qxb3+ 34. Kc1 Qxc3+ 35. Qc2 Qxc2+ 36. Kxc2 Bb4 37. Rb5 Be1 38. h5 e4 39. Kd1 Bc3 40.
Rc5+ Kd6 41. Rxc3 Ke5 42. Rc7 a3 43. Rxg7 a2 1-0

[Event "*** SCC Grand Prix: Titled Tuesday Blitz"]
[Site "Chess.com"]
[Date "2020.08.25"]
[Round "3"]
[White "ShimanovAlex"]
[Black "ChessicallyInclined"]
[Result "1-0"]
[WhiteElo "2767"]
[BlackElo "2520"]
[TimeControl "180+1"]
[EndTime "10:29:26 PDT"]
[Termination "ShimanovAlex won by resignation"]

1. e4 d6 2. d4 Nf6 3. Bd3 e5 4. c3 Nbd7 5. Nf3 g6 6. O-O Bg7 7. Re1 O-O 8. Nbd2 Re8 9. h3 c6 10. dxe5 dxe5 11. Nc4 Qc7 12. a4 Rb8 13. Be3 b5 14.
axb5 cxb5 15. Rxa7 Qc6 16. Na5 Qd6 17. b4 Nh5 18.
Bc2 Qxd1 19. Rxd1 Ndf6 20. Ng5 Nf4 21. Bb3 Be6 22. Nxe6 Nxe6 23. Nc6 Ra8 24. f3 Rxa7 25. Bxa7 Nh5 26. Rd7 Nhf4 27. Kf1 Kf8 28. Bb8 Bf6 29. Bxe5 Bxe5 30. Nxe5 Rc8 31. Rxf7+ Kg8 32. Rxf4 1-0

[Event "*** SCC Grand Prix: Titled Tuesday Blitz"]
[Site "Chess.com"]
[Date "2020.08.25"]
[Round "3"]
[White "Gabrielian_Artur"]
[Black "Orest_Vovk"]
[Result "1-0"]
[WhiteElo "2713"]
[BlackElo "2377"]
[TimeControl "180+1"]
[EndTime "10:29:26 PDT"]
[Termination "Gabrielian_Artur won by resignation"]

1. e4 e5 2. Nc3 d6 3. g3 Nf6 4. Bg2 Bg4 5. Nge2 Nc6 6. h3 Be6 7. d3 Be7 8. Nd5 Bxd5 9. exd5 Nb4 10. c4 a5 11. O-O O-O 12. Nc3 Na6 13. Be3 b6 14. b3 Nc5 15. Rb1 Nfd7 16. a3 Bg5 17. b4 Bxe3 18. fxe3 Nb7 19. g4 Qg5 20. Qe2 g6 21. Ne4 Qe7 22. g5 f5 23. gxf6 Nxf6 24. Ng5 axb4 25. axb4 Nh5 26. Qg4 Rxf1+ 27. Rxf1 Rf8 28.
Qe6+ Qxe6 29. dxe6 Rxf1+ 30. Kxf1 d5 31. Bxd5 Nd6 32.
e7+ Kg7 33. Bc6 Nf6 34. c5 bxc5 35. bxc5 Nde8 36. Bxe8 Nxe8 37. d4 exd4 38. exd4 h6 39. Nf3 Kf6 40. Ne5 g5 41. Ng4+ Kxe7 42. Nxh6 Ke6 43.
Ke2 Nf6 44. Ng4 Nd5 45. Kf3 Kf5 46. Ne3+ Nxe3 47. Kxe3 c6 48. Kf3 Kf6 49. Ke4 Ke6 50. d5+ cxd5+ 51. Kd4 Kd7 52. Kxd5 Kc7 53. Ke5 Kc6 54.
Kd4 Kc7 55. Ke4 Kc6 56. Kf5 Kxc5 57. Kxg5 Kd6 58. Kf6 Kd7 59. h4 Ke8 60. Kg7 1-0

[Event "*** SCC Grand Prix: Titled Tuesday Blitz"]
[Site "Chess.com"]
[Date "2020.08.25"]
[Round "3"]
[White "MattyDPerrine"]
[Black "MomchilPetkov"]
[Result "0-1"]
[WhiteElo "2360"]
[BlackElo "2558"]
[TimeControl "180+1"]
[EndTime "10:29:26 PDT"]
[Termination "MomchilPetkov won on time"]

1. e4 c5 2. Nf3 d6 3. Bb5+ Nd7 4. d4 cxd4 5. Qxd4 a6 6. Be2 Ngf6 7. Nc3 e5 8. Qe3 Be7 9. O-O O-O 10. Nd2 b5 11. a4 b4 12. Na2 d5 13. exd5 Nxd5 14.
Qg3 Bb7 15. Re1 Bh4 16. Qf3 Nc5 17.
Bf1 Re8 18. g3 Bf6 19. Ne4 Nxe4 20. Qxe4 Qb6 21. Bg2 Rab8 22. Be3 Nxe3 23. Qxe3 Bxg2 24. Qxb6 Rxb6 25. Kxg2 e4 26. Rab1 a5 27. Nc1 Rc6 28. Re2 Rec8 29. Rxe4 Rxc2 30. Nd3 Rd2 31. Nf4 Rxb2 32.
Rbe1 g6 33. Nd5 Kg7 34. Rf4 Rc6 0-1

[Event "*** SCC Grand Prix: Titled Tuesday Blitz"]
[Site "Chess.com"]
[Date "2020.08.25"]
[Round "3"]
[White "IngOscarArdila"]
[Black "Dinamo3"]
[Result "0-1"]
[WhiteElo "2198"]
[BlackElo "2476"]
[TimeControl "180+1"]
[EndTime "10:29:26 PDT"]
[Termination "Dinamo3 won by resignation"]

1. d4 Nf6 2. c4 g6 3. Nc3 Bg7 4. e4 O-O 5. Nf3 d6 6. Be2 Na6 7. O-O e5 8. d5 Nc5 9. Qc2 a5 10. b3 Nh5 11. Bg5 f6 12. Be3 f5 13. Bg5 Qe8 14. Nd2 Nf4 15. Bf3 h6 16. Bxf4 exf4 17. Rfe1 Qf7 18. a3 g5 19. b4 axb4 20. axb4 Rxa1 21. Rxa1 Na6 22. exf5 Bxf5 23. Qb3 g4 24. Be4 Qf6 25. Rc1 Bd7 26. c5 g3 27. Nb5 Bxb5 28. Nf3 gxf2+ 29. Kxf2 Qb2+ 30. Qxb2 Bxb2 31. Rb1 Bf6 32.
c6 bxc6 33. dxc6 Nb8 34. Rc1 Re8 35. Bd5+ Kg7 36. g3 fxg3+ 37. hxg3 Na6 38. g4 Nxb4 39. Bb3 Nd3+ 0-1

[Event "*** SCC Grand Prix: Titled Tuesday Blitz"]
[Site "Chess.com"]
[Date "2020.08.25"]
[Round "3"]
[White "labdalla"]
[Black "niki_2003"]
[Result "1-0"]
[WhiteElo "2241"]
[BlackElo "1665"]
[TimeControl "180+1"]
[EndTime "10:29:27 PDT"]
[Termination "labdalla won on time"]

1. d4 Nf6 2. c4 e6 3. Nc3 Bb4 4. Qc2 c5 5. dxc5 Na6 6. a3 Bxc3+ 7. Qxc3 Nxc5 8. Nf3 a5 9. g3 O-O 10. Bg2 Qb6 11.
Be3 d6 12. O-O Ng4 13. Bd4 e5 14. Bxc5 Qxc5 15. Ng5 Qb6 16. Rad1 Be6 17. Ne4 Rad8 18. h3 Nh6 19. g4 f5 20. Ng5 Bf7 21. Nxf7 Rxf7 22.
g5 f4 23. gxh6 Kh8 24. c5 Qc6 25. Bxc6 bxc6 26. cxd6 Rfd7 27. Qxe5 Kg8 28. Kh2 g6 29. Rg1 Rf7 30. d7 Kf8 31. Rg4 1-0

[Event "*** SCC Grand Prix: Titled Tuesday Blitz"]
[Site "Chess.com"]
[Date "2020.08.25"]
[Round "3"]
[White "Siri20"]
[Black "VladaSviridova"]
[Result "1-0"]
[WhiteElo "2707"]
[BlackElo "2302"]
[TimeControl "180+1"]
[EndTime "10:29:29 PDT"]
[Termination "Siri20 won by resignation"]

1. e4 e6 2. d4 d5 3. Nd2 c5 4. exd5 Qxd5 5. Ngf3 cxd4 6. Bc4 Qd7 7. O-O Nc6 8. Nb3 a6 9. Bf4 Bd6 10. Bxd6 Qxd6 11.
c3 Nf6 12. Nbxd4 Nxd4 13. Nxd4 O-O 14. Qf3 Rb8 15. Rad1 Qc5 16. Qg3 e5 17. Bb3 Bg4 18. Nf3 e4 19. Bxf7+ Rxf7 20. Qxb8+ Rf8 21. Qe5 Qxe5 22.
Nxe5 Bxd1 23. Rxd1 Re8 24. Nc4 b5 25. Ne3 h5 26.
Kf1 Re6 27. Ke2 g6 28. Rd4 Kf7 29. Nd5 Nxd5 30. Rxd5 Kf6 31. Ke3 g5 32. h4 gxh4 33. Rxh5 Kg6 34. Rxh4 Kf5 35. Rf4+ Kg5 36. Rxe4 Rh6 37.
Rd4 Rh2 38. g3 Rh1 39. a4 Rb1 40. axb5 axb5 41. Rd5+ Kg4 42. Rxb5 Re1+ 43. Kd2 Rf1 44. Rb4+ Kf3 45. Rf4+ Kg2 46. b4 1-0

[Event "*** SCC Grand Prix: Titled Tuesday Blitz"]
[Site "Chess.com"]
[Date "2020.08.25"]
[Round "3"]
[White "okriak"]
[Black "Khazieva_Elza"]
[Result "1-0"]
[WhiteElo "2716"]
[BlackElo "2416"]
[TimeControl "180+1"]
[EndTime "10:29:29 PDT"]
[Termination "okriak won on time"]

1. e4 c5 2. Nf3 d6 3. d4 cxd4 4. Nxd4 Nf6 5. f3 Nc6 6. c4 e6 7. Nc3 Be7 8. Be2 O-O 9. O-O Bd7 10. Be3 a6 11. Qd2 Rc8 12. Rac1 Ne5 13. b3 Qc7 14. Rfd1 Qb8 15. Bf1 Rfd8 16. Kh1 Be8 17. Qf2 Bf8 18.
Qg1 d5 19. f4 Neg4 20. e5 Nxe3 21. Qxe3 Ng4 22. Qf3 Nxe5 23. fxe5 Qxe5 24. cxd5 exd5 25. Nce2 Rxc1 26. Rxc1 Bd6 27. g3 Bd7 28. Bg2 Be6 29. Nxe6 fxe6 30. Nf4 Rf8 31. Qg4 Qe3 32. Qxe6+ Qxe6 33. Nxe6 Rf2 34. Bxd5 Ba3 35. Rc7 1-0

[Event "*** SCC Grand Prix: Titled Tuesday Blitz"]
[Site "Chess.com"]
[Date "2020.08.25"]
[Round "3"]
[White "Fh2411"]
[Black "Semen_Khanin"]
[Result "0-1"]
[WhiteElo "2551"]
[BlackElo "2781"]
[TimeControl "180+1"]
[EndTime "10:29:30 PDT"]
[Termination "Semen_Khanin won by resignation"]

1. d4 Nf6 2. Nf3 d5 3. Bf4 c5 4. e3 Nc6 5. Nbd2 Qb6 6. dxc5 Qxb2 7. Rb1 Qc3 8. Bb5 e6 9. O-O Be7 10. Nd4 Bd7 11. N2b3 O-O 12. Bd3 e5 13. Nb5 Qb4 14. Bg5 Rac8 15. a3 Qg4 16. Qxg4 Bxg4 17. c4 e4 18.
cxd5 exd3 19. dxc6 bxc6 20. Nd6 Bxd6 21. cxd6 Be2 22.
Rfc1 Rfd8 23. Bxf6 gxf6 24. Nd2 Rxd6 25. Rc5 Rd5 26.
Rc4 c5 27. f3 Rd6 28. Kf2 Rb6 29. Rcc1 Rxb1 30. Rxb1 c4 31. e4 c3 32. Nb3 Rb8 33. Ke3 c2 0-1

[Event "*** SCC Grand Prix: Titled Tuesday Blitz"]
[Site "Chess.com"]
[Date "2020.08.25"]
[Round "3"]
[White "szachuspl"]
[Black "KarpovVadim"]
[Result "1-0"]
[WhiteElo "2508"]
[BlackElo "2310"]
[TimeControl "180+1"]
[EndTime "10:29:30 PDT"]
[Termination "szachuspl won by resignation"]

1. d4 Nf6 2. c4 e6 3. Nf3 Bb4+ 4. Nbd2 b6 5. g3 Bb7 6. Bg2 O-O 7. O-O d5 8. cxd5 exd5 9. a3 Be7 10. b4 c5 11. dxc5 bxc5 12. bxc5 Bxc5 13. Nb3 Bb6 14. a4 a5 15. Ba3 Re8 16. Nc5 Bc6 17. Nd4 Ne4 18. Nxc6 Nxc6 19. Nxe4 dxe4 20. Qb3 Nd4 21. Qa2 Rc8 22. Rac1 e3 23. fxe3 Ne6 24. Rcd1 Bxe3+ 25. Kh1 Qg5 26. Rd5 Qg6 27. Rdf5 Nd8 28. Rxa5 Rc2 29.
Qd5 Rxe2 30. Ra8 Bb6 31. a5 Bc7 32. a6 Bxg3 33. Rxd8 Qh6 34. Rxe8+ Rxe8 35. Qxf7+ 1-0

[Event "*** SCC Grand Prix: Titled Tuesday Blitz"]
[Site "Chess.com"]
[Date "2020.08.25"]
[Round "3"]
[White "Klavdia_Nik"]
[Black "Playgood28"]
[Result "0-1"]
[WhiteElo "2056"]
[BlackElo "2330"]
[TimeControl "180+1"]
[EndTime "10:29:30 PDT"]
[Termination "Playgood28 won on time"]

1. Nf3 f5 2. c4 d6 3. d4 g6 4. Nc3 Nf6 5. g3 Bg7 6. Bg2 O-O 7. d5 e5 8. dxe6 c6 9. Nd4 Qe7 10. O-O Bxe6 11. Nxe6 Qxe6 12. Qb3 Qf7 13. Bf4 Rd8 14. Rfd1 Ne8 15. e4 Na6 16. exf5 gxf5 17. Be3 Nc5 18. Qc2 Ne6 19. b3 f4 20. Bd2 Nf6 21. Qd3 Ng4 22. Qf3 Ne5 23. Qe4 Rf8 24. Rac1 Ng4 0-1

[Event "*** SCC Grand Prix: Titled Tuesday Blitz"]
[Site "Chess.com"]
[Date "2020.08.25"]
[Round "3"]
[White "annacramling"]
[Black "Schachmalanders"]
[Result "0-1"]
[WhiteElo "2128"]
[BlackElo "2342"]
[TimeControl "180+1"]
[EndTime "10:29:30 PDT"]
[Termination "Schachmalanders won on time"]

1. d4 d5 2. c4 e6 3. Nc3 c6 4. e3 f5 5. Nf3 Nf6 6. Bd3 Bd6 7.
h3 O-O 8. Qc2 Ne4 9. Nd2 b6 10.
Ndxe4 fxe4 11. Be2 Bb7 12. Bd2 Nd7 13. O-O-O c5 14. Bg4 Qe7 15. cxd5 exd5 16. Be1 Nf6 17. dxc5 bxc5 18. Qb3 Rab8 19. Qc2 Be5 20. f4 exf3 21.
Bxf3 Rfd8 22. Bh4 d4 23. Ne4 Kh8 24. Nxf6 Bxf6 25. Bxf6 Qxf6 26. exd4 cxd4 27. Bxb7 Rxb7 28. Kb1 h6 29. Rhf1 Qe5 30. Rfe1 Qb5 31. b3 d3 32.
Qf2 a5 33. Ka1 a4 34. bxa4 Qxa4 35. Rb1 Rxb1+ 36. Rxb1 d2 0-1

[Event "*** SCC Grand Prix: Titled Tuesday Blitz"]
[Site "Chess.com"]
[Date "2020.08.25"]
[Round "3"]
[White "vugarrasulov"]
[Black "GameOverBro"]
[Result "1-0"]
[WhiteElo "2818"]
[BlackElo "2437"]
[TimeControl "180+1"]
[EndTime "10:29:31 PDT"]
[Termination "vugarrasulov won on time"]

1. g3 d6 2. Bg2 e5 3. c4 g6 4.
Nc3 Bg7 5. h4 h6 6. e3 Nc6 7.
Nge2 f5 8. d3 Nf6 9. Rb1 a5 10.
a3 Be6 11. b4 axb4 12. axb4 Qd7 13. b5 Nd8 14. e4 O-O 15. Nd5 Bxd5 16. cxd5 c5 17. bxc6 bxc6 18. dxc6 Nxc6 19. exf5 gxf5 20. O-O d5 21. d4 e4 22. Nf4 Ng4 23. Be3 Ra3 24.
Rb3 Rfa8 25. Bh3 R8a4 26. Bxg4 fxg4 27. Rxa3 Rxa3 28. Qc1 Ra4 29. Qc5 Rc4 30. Qxd5+ Qxd5 31. Nxd5 Nxd4 32. Bxd4 Bxd4 33. Rd1 Kf7 34. Nf4 Kf6 35.
Kf1 Ke5 36. Ne2 Bc5 37. Rd7 Rb4 38. Nf4 Rb1+ 39. Kg2 Rc1 40. Rc7 Rc2 41. Kh1 Kd6 42. Rh7 Rxf2 43. Rxh6+ Ke5 44. Rh5+ Kd6 45. Rd5+ Kc6 46.
Rg5 Rf1+ 47. Kh2 Rf2+ 48. Ng2 e3 49. Rxg4 Kd5 50. Kh3 e2 51. Rg5+ Kc6 52. Rg6+ Kb5 53. Re6 Kc4 54. Nf4 1-0

[Event "*** SCC Grand Prix: Titled Tuesday Blitz"]
[Site "Chess.com"]
[Date "2020.08.25"]
[Round "3"]
[White "Zhani-Z"]
[Black "PawnEatingZombie"]
[Result "1-0"]
[WhiteElo "2488"]
[BlackElo "2227"]
[TimeControl "180+1"]
[EndTime "10:29:31 PDT"]
[Termination "Zhani-Z won by resignation"]

1. e4 c6 2. d4 d5 3. exd5 cxd5 4. Bd3 Nc6 5. c3 Qc7 6. h3 Nf6 7. Nf3 g6 8. O-O Bg7 9. Re1 O-O 10. Nbd2 Bf5 11. Bf1 Rfe8 12. Nb3 Rad8 13. a4 e5 14. dxe5 Nxe5 15. Nxe5 Rxe5 16. Rxe5 Qxe5 17. Be3 b6 18. a5 Qd6 19. axb6 axb6 20. Ra6 Rb8 21. Nd4 Bd7 22.
Qf3 Ne4 23. Bf4 Be5 24. Bxe5 Qxe5 25. Qe3 Qf6 26. Ra7 Be6 27. Nc6 Re8 28. Qxb6 Nd2 29. Qd4 Qg5 30. Ne7+ 1-0

[Event "*** SCC Grand Prix: Titled Tuesday Blitz"]
[Site "Chess.com"]
[Date "2020.08.25"]
[Round "3"]
[White "m_ezat"]
[Black "juancruzarias"]
[Result "1-0"]
[WhiteElo "2560"]
[BlackElo "2363"]
[TimeControl "180+1"]
[EndTime "10:29:32 PDT"]
[Termination "m_ezat won by checkmate"]

1. d4 e6 2. c4 f5 3. Nc3 Nf6 4. e3 d5 5. Qc2 c6 6. Bd3 Bd6 7.
Nge2 a6 8. f3 O-O 9. O-O Kh8 10.
Bd2 Qe7 11. e4 e5 12. dxe5 Bxe5 13. cxd5 fxe4 14. Nxe4 cxd5 15. Nxf6 Bxf6 16. Rae1 Nc6 17. Bxh7 Qd6 18. Nf4 Nd4 19. Ng6+ Kxh7 20. Nxf8+ Kg8 21. Qh7+ Kxf8 22. Qh8+ Kf7 23. Qe8# 1-0

[Event "*** SCC Grand Prix: Titled Tuesday Blitz"]
[Site "Chess.com"]
[Date "2020.08.25"]
[Round "3"]
[White "snowlord"]
[Black "djano"]
[Result "0-1"]
[WhiteElo "2800"]
[BlackElo "2453"]
[TimeControl "180+1"]
[EndTime "10:29:33 PDT"]
[Termination "djano won by resignation"]

1. Nf3 Nc6 2. c4 e5 3. Nc3 Nf6 4. e3 Bb4 5. Qc2 O-O 6. Nd5 Re8 7. Qf5 d6 8. Nxf6+ Qxf6 9. Qxf6 gxf6 10. a3 Bc5 11. b3 a5 12. Bb2 Bf5 13. d3 Bg6 14.
Nh4 Rab8 15. Rb1 Ne7 16. Bc3 Ra8 17. b4 axb4 18. axb4 Bb6 19. Be2 Ra2 20. Nxg6 hxg6 21.
Bf3 c6 22. O-O Ra3 23. Rfc1 Rea8 24. g4 f5 25. g5 Kf8 26. c5 Bc7 27. cxd6 Bxd6 28.
b5 Nd5 29. bxc6 Nxc3 30. cxb7 Rb8 31. Rb6 Ke7 32. Rc6 Na2 33. Ra1 Nb4 34. Rxa3 Nxc6 35. Rc3 e4 36. dxe4 Ne5 37. Kg2 Nxf3 38. exf5 Nh4+ 0-1

[Event "*** SCC Grand Prix: Titled Tuesday Blitz"]
[Site "Chess.com"]
[Date "2020.08.25"]
[Round "3"]
[White "Marty435"]
[Black "Bastiandash"]
[Result "1-0"]
[WhiteElo "2623"]
[BlackElo "2396"]
[TimeControl "180+1"]
[EndTime "10:29:33 PDT"]
[Termination "Marty435 won by resignation"]

1. g3 Nf6 2. Bg2 e6 3. d4 d5 4.
Nf3 c5 5. c4 Nc6 6. O-O b6 7.
Nc3 cxd4 8. Nxd4 Bb7 9. Bg5 Nxd4 10. Qxd4 Be7 11. cxd5 exd5 12. Qa4+ Kf8 13. Rad1 Qc8 14. Bxf6 Bxf6 15. Nxd5 Bxd5 16. Bxd5 Rb8 17. Qxa7 Be7 18. Bb3 Qb7 19. Qa4 b5 20. Qf4 Bf6 21. Rd6 Re8 22.
Rfd1 Be5 23. Rd7 Re7 24. Rxb7 Bxf4 25. Rd8+ 1-0

[Event "*** SCC Grand Prix: Titled Tuesday Blitz"]
[Site "Chess.com"]
[Date "2020.08.25"]
[Round "3"]
[White "hongnhung1234"]
[Black "MestreSoares"]
[Result "1-0"]
[WhiteElo "2336"]
[BlackElo "2116"]
[TimeControl "180+1"]
[EndTime "10:29:35 PDT"]
[Termination "hongnhung1234 won by resignation"]

1. e4 Nf6 2. e5 Nd5 3. c4 Nb6 4. d4 d6 5. f4 dxe5 6. fxe5 Nc6 7. Be3 Bf5 8. Nc3 e6 9. Nf3 Be7 10. d5 exd5 11. cxd5 Nb4 12. Nd4 Bg6 13. Bb5+ Kf8 14. O-O N4xd5 15. Ne6+ Kg8 16. Nxd8 Nxe3 17. Qf3 Nxf1 18.
Nxf7 Bc5+ 19. Kxf1 Rf8 20. e6 Bxf7 21. Qxb7 Bxe6+ 22. Ke1 Bd6 23. Rd1 Bxh2 24. Ne4 h6 25. Qc6 Bf7 26.
Qc2 Bg6 27. Bd3 Re8 28. Rd2 Bf5 29. Re2 Bg4 30. Nf6+ Kf7 31. Rxe8 Bg3+ 32. Kf1 Rxe8 33. Nxe8 Kxe8 34. Bb5+ Bd7 35. Qg6+ Kd8 36. Bxd7 1-0

[Event "*** SCC Grand Prix: Titled Tuesday Blitz"]
[Site "Chess.com"]
[Date "2020.08.25"]
[Round "3"]
[White "GMJustin"]
[Black "sertalzin"]
[Result "1-0"]
[WhiteElo "2245"]
[BlackElo "1871"]
[TimeControl "180+1"]
[EndTime "10:29:35 PDT"]
[Termination "GMJustin won on time"]

1. d4 d5 2. c4 c6 3. Nf3 Nf6 4. Nc3 e6 5. e3 Nbd7 6. Bd2 Bd6 7.
Bd3 O-O 8. O-O b6 9. e4 dxe4 10. Nxe4 Nxe4 11. Bxe4 Bb7 12. b4 Nf6 13. Bc2 c5 14.
dxc5 bxc5 15. b5 Qe7 16. Qe2 Rfd8 17. Bc3 Rd7 18. Ne5 Rc7 19. a4 Nd7 20. Nxd7 Rxd7 21. Rad1 Qh4 22. g3 Qh3 23. Be4 Bxe4 24. Qxe4 Rdd8 25.
Rxd6 1-0

[Event "*** SCC Grand Prix: Titled Tuesday Blitz"]
[Site "Chess.com"]
[Date "2020.08.25"]
[Round "3"]
[White "olksuna"]
[Black "Zkid"]
[Result "1-0"]
[WhiteElo "2626"]
[BlackElo "2827"]
[TimeControl "180+1"]
[EndTime "10:29:36 PDT"]
[Termination "olksuna won by checkmate"]

1. Nf3 d5 2. g3 c6 3. Bg2 Bg4 4. O-O Nd7 5. h3 Bh5 6. d4 Ngf6 7. c4 e6 8. cxd5 exd5 9. Qb3 Qb6 10. Qe3+ Be7 11.
Nh4 Kf8 12. Nc3 Re8 13. Qd3 Bb4 14. Be3 Bg6 15. Nxg6+ hxg6 16. Rab1 Qc7 17. Rfc1 Qb8 18.
Bf4 Bd6 19. Bxd6+ Qxd6 20. b4 a6 21. e3 Kg8 22. a4 b5 23. a5 Kh7 24. h4 Nh5 25. e4 Rc8 26. exd5 cxd5 27. Nxd5 Nhf6 28. Nxf6+ Nxf6 29. Rc5 Nd7 30. Rg5 Qf6 31. Bd5 Rhd8 32. Re1 Nb8 33. Qe4 Nc6 34. Bxc6 Rxd4 35. Rh5+ Kg8 36.
Qe8+ Rxe8 37. Rxe8# 1-0

[Event "*** SCC Grand Prix: Titled Tuesday Blitz"]
[Site "Chess.com"]
[Date "2020.08.25"]
[Round "3"]
[White "SanchezKelvin"]
[Black "kngopal"]
[Result "0-1"]
[WhiteElo "2401"]
[BlackElo "2276"]
[TimeControl "180+1"]
[EndTime "10:29:38 PDT"]
[Termination "kngopal won on time"]

1. e4 c5 2. Nf3 Nf6 3. d4 Nxe4 4. dxc5 Nxc5 5. Be2 Ne4 6. O-O Nc6 7. c4 d6 8. Be3 e6 9. Qc2 Nf6 10. Nc3 Be7 11.
Rad1 Qc7 12. Nb5 Qb8 13. Qd2 d5 14. Bf4 e5 15. cxd5 exf4 16. d6 Bxd6 17. Nxd6+ Kf8 18.
Qxf4 Be6 19. b3 Ne8 20. Ng5 Nd8 21. Qb4 Nxd6 22. Rxd6 Kg8 23. Rfd1 Nc6 24. Qd2 Qe8 25. Nxe6 fxe6 26. Bc4 Nd8 27. Qd4 Kf7 0-1

[Event "*** SCC Grand Prix: Titled Tuesday Blitz"]
[Site "Chess.com"]
[Date "2020.08.25"]
[Round "3"]
[White "MashaFromRussia"]
[Black "emperor87"]
[Result "1-0"]
[WhiteElo "2419"]
[BlackElo "2651"]
[TimeControl "180+1"]
[EndTime "10:29:39 PDT"]
[Termination "MashaFromRussia won by resignation"]

1. d4 Nf6 2. c4 g6 3. Nf3 Bg7 4. g3 O-O 5. Bg2 c5 6. d5 e6 7. Nc3 exd5 8. cxd5 d6 9. O-O Bg4 10. e4 Qd7 11. Re1 Bh3 12. Bh1 Ng4 13. Bf4 Na6 14. a4 Nc7 15. Qb3 b6 16. Nb5 Nxb5 17. Qxb5 Qe7 18.
Ng5 Nxf2 19. Kxf2 Bd4+ 20. Ke2 Bg4+ 21. Kd3 a6 22. Qb3 b5 23. axb5 axb5 24. Rxa8 c4+ 25. Kxd4 cxb3 26. Rxf8+ Kxf8 27. e5 dxe5+ 28. Rxe5 Qb4+ 29.
Ke3 Qe1+ 30. Kd4 Qxh1 31. d6 Qxh2 32. Ne4 Qxb2+ 33. Kc5 Qc2+ 34. Kb6 b2 35. Bh6+ 1-0

[Event "*** SCC Grand Prix: Titled Tuesday Blitz"]
[Site "Chess.com"]
[Date "2020.08.25"]
[Round "3"]
[White "Shuvalov"]
[Black "CzechmVIII"]
[Result "1-0"]
[WhiteElo "2402"]
[BlackElo "2165"]
[TimeControl "180+1"]
[EndTime "10:29:39 PDT"]
[Termination "Shuvalov won on time"]

1. Nf3 c5 2. c4 Nf6 3. Nc3 b6 4. g3 Bb7 5. Bg2 e6 6. O-O Be7 7. d4 cxd4 8. Qxd4 d6 9. Bg5 a6 10. Bxf6 Bxf6 11. Qf4 Bxf3 12. Qxf3 Ra7 13. Rac1 O-O 14.
Rfd1 Rd7 15. Qd3 Qc7 16. b3 Nc6 17. e3 Rfd8 18. Qe2 h6 19. h4 Ne7 20. Ne4 Be5 21.
f4 Bf6 22. Nxf6+ gxf6 23. g4 Qc5 24. Kh2 h5 25. g5 Nf5 26. gxf6 Qxe3 27. Qxe3 Nxe3 28.
Rg1 Ng4+ 29. Kg3 Nxf6 30. Bf3 Kf8 31. Kf2 d5 32. cxd5 Nxd5 33. f5 Nf4 34. Rc6 Nd3+ 35. Ke3 Ne5 36. Be4 Nxc6 37. Bxc6 Rd3+ 38. Kf4 R8d4+ 39.
Be4 exf5 40. Kxf5 Rd2 41. Rg5 Rf2+ 42. Ke5 Rb4 43. Rxh5 Rb5+ 44. Bd5 Rd2 45. Kd6 1-0